 Dungeon Crawl Stone Soup version 0.28-a0-664-gc179e30c89 (webtiles) character file.

Game seed: 1940182658969496991

217 jdsmith2816 the Cudgeller (level 5, 0/28 HPs)
             Began as a Vine Stalker Fighter on Oct 16, 2021.
             Succumbed to a water moccasin's poison
             ... on level 4 of the Dungeon.
             The game lasted 00:15:02 (2958 turns).

jdsmith2816 the Cudgeller (Vine Stalker Fighter)    Turns: 2958, Time: 00:15:02

Health: 0/28       AC:  9    Str: 20    XL:     5   Next: 94%
Magic:  4/6        EV:  9    Int:  8    God:
Gold:   182        SH:  5    Dex: 13    Spells: 4/4 levels left

rFire   . . .      SeeInvis .   a - +0 flail
rCold   . . .      Faith    .   c - +0 buckler
rNeg    . . .      Spirit   +   q - +0 scale mail
rPois   .          Reflect  .   l - +0 helmet
rElec   .          Harm     .   (no cloak)
rCorr   .          Rampage  .   (no gloves)
Will    .....                   i - +0 pair of boots
Stlth   ..........              (no amulet)
HPRegen 1.09/turn               L - ring of flight
MPRegen 0.10/turn               (no ring)

@: mighty, lethally poisoned (0 -> -16), flying
A: fangs 2, regeneration 1, magic shield, antimagic bite, no potion heal 2
a: no special abilities


You were on level 4 of the Dungeon.
You visited 1 branch of the dungeon, and saw 4 of its levels.

You collected 182 gold pieces.


Innate Abilities, Weirdness & Mutations

You have extremely sharp teeth.
Your natural rate of healing is unusually fast.
When hurt, damage is shared between your health and your magic reserves.
Your bite disrupts and absorbs the magic of your enemies.
Potions cannot restore your health.


   Skills:
 + Level 3.5 Fighting
 * Level 3.6 Maces & Flails
 + Level 3.2 Armour
 + Level 3.4 Shields


You had 4 spell levels left.
You didn't know any spells.
Your spell library contained the following spells:

 Spells                   Type           Power      Damage    Failure   Level
 Magic Dart               Conj           0%         1d3       78%         1
 Call Imp                 Summ           0%         N/A       89%         2
 Conjure Flame            Conj/Fire      0%         6-21      98%         3
 Ignite Poison            Fire/Tmut/Pois 0%         N/A       98%         3
 Mephitic Cloud           Conj/Pois/Air  0%         N/A       98%         3
 Sticky Flame             Conj/Fire      0%         2d3       100%        4

Inventory:

Hand Weapons
 a - a +0 flail (weapon)
 b - a +0 hunting sling
 e - a +0 whip
 k - a +0 dagger of pain
Missiles
 g - 69 arrows
 h - 48 stones (quivered)
Armour
 c - a +0 buckler (worn)
 f - a +0 leather armour of fire resistance
 i - a +0 pair of boots (worn)
 l - a +0 helmet (worn)
 q - a +0 scale mail (worn)
Jewellery
 L - a ring of flight (left hand)
Scrolls
 o - a scroll of magic mapping
 p - a scroll of amnesia
 r - a scroll of identify {unknown}
Potions
 j - a potion of attraction {unknown}
 m - a potion of heal wounds {unknown}
 n - a potion of degeneration {unknown}

Dungeon Overview and Level Annotations

Branches:
Dungeon (4/15)
 Temple: D:4-7

Altars:
Zin

..(.... ....... #######
(...... #.....# .......
#.....# ......? . #.....#
.......
....#######.....####.......
.......<........@S.((......
....#####.........?........
. #.......####.######
#........# .# (..#........
.. ##..##.....#.. ... #.#
#?#.##...##... .. #.#.#
.### [... .#. ...#


You could see a water moccasin.


Message History

The water moccasin is moderately wounded.
The water moccasin bites you but does no damage. x2
You barely miss the water moccasin. Your bite misses the water moccasin.
The water moccasin is moderately wounded.
You block the water moccasin's attack. The water moccasin bites you.
You are poisoned.
The water moccasin poisons you!
You feel very sick.
You feel sick. The water moccasin barely misses you.
You feel sick.
You thump the water moccasin! You bite the water moccasin. You drain its power.
You feel invigorated.
The water moccasin is severely wounded.
You feel sick. The water moccasin bites you.
You are more poisoned.
The water moccasin poisons you! The water moccasin bites you.
* * * LOW HITPOINT WARNING * * *
You are lethally poisoned!
The water moccasin poisons you!
Throw: 48 stones
Press: ? - help, Q - select action Shift-Dir - straight line, f/p - water moccasin
Aim: a water moccasin (severely wounded, 38% to hit)
Okay, then.
You feel very mighty all of a sudden.
* * * LOW HITPOINT WARNING * * *
You feel extremely sick. The water moccasin barely misses you.
You miss the water moccasin. Your bite misses the water moccasin.
The water moccasin is severely wounded.
You die...

Skill      XL: |  1  2  3  4 |
---------------+-------------+-----
Maces & Flails | 2 3 |  3.6
Fighting       | 3 |  3.5
Shields        | 3 |  3.4
Armour         | 3 |  3.2

Action                   |  1- 3 |  4- 6 || total
-------------------------+-------+-------++-------
Melee: Flail             |    99 |    82 ||   181
       Bite              |    18 |    23 ||    41
 Fire: Hunting sling     |       |    31 ||    31
Throw: Stone             |    68 |    20 ||    88
  Use: Scroll            |     3 |       ||     3
       Potion            |       |     1 ||     1
Armor: Scale mail        |    51 |    45 ||    96
Dodge: Dodged            |    58 |    51 ||   109
Block: Buckler           |    30 |    26 ||    56

Levels and vault maps discovered:
D:1:      psy_arrival_statuary, layout_basic
D:2:      layout_basic, hellmonk_ecumenical_altar_pennies_from_heaven,
          minmay_misc_feat_rows
D:3:      layout_rooms, amcnicky_altar_gilded, st_stairs_9, hex_intersection
D:4:      layout_rooms, evilmike_ruin_ashenzari, uniq_ijyb

Notes
Turn   | Place    | Note
-------+----------+-------------------------------------------
     0 | D:1      | jdsmith2816 the Vine Stalker Fighter began the quest for
                  | the Orb.
     0 | D:1      | Reached XP level 1. HP: 11/11 MP: 2/2
   323 | D:1      | Reached skill level 2 in Maces & Flails
   352 | D:1      | Reached XP level 2. HP: 16/16 MP: 3/3
  1011 | D:1      | Reached XP level 3. HP: 17/19 MP: 4/4
  1480 | D:2      | Reached skill level 3 in Fighting
  1564 | D:2      | Found a faded altar of an unknown god.
  1579 | D:2      | Reached skill level 3 in Shields
  2122 | D:3      | Found a glowing silver altar of Zin.
  2233 | D:2      | Gained mutation: Your natural rate of healing is unusually
                  | fast. [Vine Stalker growth]
  2233 | D:2      | Reached XP level 4. HP: 22/24 MP: 5/5
  2291 | D:2      | Reached skill level 3 in Maces & Flails
  2334 | D:3      | Reached skill level 3 in Armour
  2334 | D:3      | Reached XP level 5. HP: 23/28 MP: 4/6
  2941 | D:4      | Noticed a water moccasin
  2958 | D:4      | Succumbed to a water moccasin's poison

Vanquished Creatures
  A jelly (D:4)
  An orc priest (D:2)
  An orc wizard (D:2)
  6 adders
  2 worms (D:3)
  A dart slug (D:3)
  5 orcs
  7 ball pythons
  7 bats
  3 endoplasms (D:2)
  A giant cockroach (D:1)
  6 hobgoblins
  4 jackals (D:1)
  2 quokkas (D:2)
  A frilled lizard (D:1)
  4 goblins
  8 kobolds
  7 rats
67 creatures vanquished.

Table legend: (Time is in decaauts)
 A = Elapsed time spent in this place.
 B = Non-inter-level travel time spent in this place.
 C = Inter-level travel time spent in this place.
 D = Time resting spent in this place.
 E = Time spent auto-exploring this place.
 F = Levels seen in this place.
 G = Mean time per level.
                   A        B        C        D        E       F      G
               +--------+--------+--------+--------+--------+-----+--------+
         Total |   3022 |   2966 |     56 |    752 |   1497 |   4 |  755.5 |
       Dungeon |   3022 |   2966 |     56 |    752 |   1497 |   4 |  755.5 |
               +--------+--------+--------+--------+--------+-----+--------+

Top non-repeatable levels by time:
     D:1: 1364 daAuts
     D:2: 880 daAuts
     D:3: 735 daAuts
     D:4: 42 daAuts

Table legend:
 A = Non-vault XP
 B = Vault XP
 C = Vault XP percentage of total XP
 D = Non-vault monster count
 E = Vault monster count
 F = Vault count percentage of total count
                 A         B        C        D         E       F
            +---------+---------+-------+---------+---------+-------
      Total |     306 |       4 |   1.3 |      65 |       2 |   3.0
            +---------+---------+-------+---------+---------+-------
        D:1 |      39 |       0 |   0.0 |      24 |       0 |   0.0
        D:2 |     122 |       0 |   0.0 |      20 |       0 |   0.0
        D:3 |      90 |       4 |   4.3 |      19 |       2 |   9.5
        D:4 |      55 |       0 |   0.0 |       2 |       0 |   0.0
            +---------+---------+-------+---------+---------+-------
